 Dungeon Crawl Stone Soup version 0.30-a0-1164-ge08a67761e (webtiles) character file.

Game seed: 4638172953281973675

156 themarg the Caller (level 5, -2/52 HPs)
             Began as a Merfolk Summoner on Apr 29, 2023.
             Slain by an iguana (7 damage)
             ... on level 4 of the Dungeon.
             The game lasted 00:11:23 (3243 turns).

themarg the Caller (Merfolk Summoner)               Turns: 3243, Time: 00:11:24

Health: -2/52      AC: 22    Str:  9    XL:     5   Next: 38%
Magic:  1/8        EV:  2    Int: 16    God:
Gold:   200        SH:  0    Dex: 14    Spells: 2/8 levels left

rFire   . . .        w - +0 spear
rCold   . . .        (no shield)
rNeg    . . .        a - melded +0 robe
rPois   +            (helmet currently unavailable)
rElec   .            (cloak currently unavailable)
rCorr   .            (gloves currently unavailable)
SInv    .            (boots currently unavailable)
Will    .....        l - amulet of the acrobat
Stlth   ++           (no ring)
HPRegen 0.28/turn    (no ring)
MPRegen 0.11/turn

%: acrobat
@: mighty, tree-form
A: stationary, stasis, torment immunity, boosted hp, (nimble swimmer 2),
(mertail)
a: no special abilities


You were on level 4 of the Dungeon.
You were a tree.
You visited 1 branch of the dungeon, and saw 4 of its levels.

You collected 200 gold pieces.

Inventory:

Hand Weapons
 w - a +0 spear (weapon)
Missiles
 d - 32 stones
 h - 10 poisoned darts
 n - 4 boomerangs
Armour
 a - a +0 robe (melded)
Jewellery
 f - a +6 ring of dexterity
 i - an amulet of guardian spirit
 l - an amulet of the acrobat (around neck)
Scrolls
 e - a scroll of amnesia {unknown}
 g - a scroll of fear {unknown}
 o - a scroll of immolation {unknown}
 q - a scroll of magic mapping {unknown}
 u - a scroll of enchant weapon {unknown}
 x - a scroll of fog {unknown}
 y - a scroll of teleportation {unknown}
 A - a scroll of poison {unknown}
 B - a scroll of vulnerability {unknown}
Potions
 b - 2 potions of magic
 j - 2 potions of flight
 k - a potion of might
 m - a potion of curing {unknown}
 p - a potion of resistance {unknown}
 r - a potion of degeneration {unknown}
 s - a potion of lignification
 t - a potion of brilliance {unknown}
 v - a potion of haste
 z - a potion of cancellation {unknown}
 C - a potion of attraction {unknown}


   Skills:
 - Level 2.6 Dodging
 - Level 2.1 Stealth
 - Level 2.0 Spellcasting
 + Level 6.5 Summonings


You had 2 spell levels left.
You knew the following spells:

 Your Spells              Type           Power      Damage    Failure   Level
a - Summon Small Mammal   Summ           88%        N/A       1%          1
b - Call Imp              Summ           44%        N/A       2%          2
c - Call Canine Familiar  Summ           22%        N/A       4%          3

Your spell library contained the following spells:

 Spells                   Type           Power      Damage    Failure   Level
 Blink                    Tloc           2%         N/A       30%         2
 Ensorcelled Hibernation  Hex/Ice        2%         N/A       30%         2
 Lesser Beckoning         Tloc           2%         N/A       30%         2
 Momentum Strike          Conj/Tloc      2%         3d8       30%         2
 Passwall                 Tmut/Erth      0%         N/A       30%         2
 Summon Guardian Golem    Hex/Summ       12%        N/A       16%         3
 Summon Lightning Spire   Summ/Air       12%        N/A       47%         4
 Gell's Gravitas          Tloc           1%         N/A       52%         3
 Swiftness                Air            1%         N/A       52%         3
 Teleport Other           Tloc           1%         N/A       52%         3
 Iskenderun's Battlesphe  Conj           1%         2d6       99%         5
 Iron Shot                Conj/Erth      0%         9d1       100%        6
 Spellforged Servitor     Conj/Summ      6%         N/A       100%        7


Dungeon Overview and Level Annotations

Branches:
Dungeon (4/15)
 Temple: D:4-7

Altars:
Nemelex Xobeh

Shops:
D:2 *((:=

Annotations:
D:4 3 runed translucent doors, sillyenderman's ghost, weakling OpHW


Innate Abilities, Weirdness & Mutations

You are a tree.
Your roots penetrate the ground, keeping you stationary.
You cannot be teleported.
You are immune to unholy pain and torment.
Your maximum health is greatly increased.
Your equipment is partially melded.
((You are very nimble when in or above water. (Stealth+, EV+, Speed+++)))
((Your lower body shifts to a powerful aquatic tail in water.))


Message History

The orc misses your cerulean imp.
Your cerulean imp hits the orc but does no damage.
The orc closely misses your cerulean imp.
Your cerulean imp hits the orc but does no damage.
The orc hits your cerulean imp with a +0 flail!
Your cerulean imp hits the orc but does no damage.
Your cerulean imp hits the orc but does no damage.
The orc attacks as you move away! The orc hits you with a +0 short sword.
* * * LOW HITPOINT WARNING * * *
Your cerulean imp hits the orc but does no damage.
Okay, then.
It was a potion of lignification.
You turn into a tree.
Your +0 robe melds into your body.
Your roots penetrate the ground.
The kobold shouts!
The orc hits you but does no damage.
Your cerulean imp hits the orc from afar with a -2 spear.
You hit the orc.
The orc is almost dead.
The iguana bites you but does no damage.
Sillyenderman's ghost whispers, "The ORB doesn't exist."
Your cerulean imp misses the orc.
You barely miss the orc.
The orc is almost dead.
The iguana bites you but does no damage.
The orc hits you but does no damage.
Your cerulean imp closely misses the orc.
The orc hits you but does no damage.
The iguana bites you but does no damage.
The orc hits you but does no damage.
You barely miss the orc.
The orc is almost dead.
Your hound barely misses the orc.
Your cerulean imp misses the orc.
The orc barely misses you. The orc hits you but does no damage.
The iguana bites you but does no damage.
You hit the orc.
You kill the orc!
Your hound bites the iguana but does no damage.
Your cerulean imp closely misses the orc.
The orc barely misses you. The iguana bites you!
You die...

......###..##.#.##...##.####
.....##....##....†....#.....
......#......................
.....)...................##..
##.#..........................
#####..#.......##....>........
..##...#......##..............
.................##...........
................♣o......###...
.#..>...........)l.5....#⌠#...
#.....<.........h......###..#
##..........##+++##..........
###.........##.KKKK##..)).....
............#.#.KK#W##........
............#⌠.#.#KK##........
............#.#...#K##..#.....
............##.....###.##.....


You could see a kobold brigand, an iguana (ally target), sillyenderman's ghost,
an orc (ally target), 8 kobolds, a friendly hound (summoned) and a friendly
cerulean imp (summoned).

Vanquished Creatures
  An adder (D:4)
  3 orcs
  3 ball pythons
  A bat (D:1)
  3 endoplasms
  3 giant cockroaches
  2 goblins (D:1)
  4 hobgoblins
  A jackal (D:1)
  A kobold (D:1)
  2 quokkas (D:1)
  A frilled lizard (D:1)
  A rat (D:3)
26 creatures vanquished.

Vanquished Creatures (collateral kills)
  3 gnolls (D:2)
  3 adders
  An ufetubus (D:4)
  2 worms (D:2)
  An orc (D:4)
  5 ball pythons
  2 endoplasms (D:2)
  2 giant cockroaches
  5 goblins
  5 jackals
  4 kobolds
  3 quokkas
  5 bats
  5 frilled lizards
46 creatures vanquished.

Grand Total: 72 creatures vanquished

Notes
Turn   | Place    | Note
-------+----------+-------------------------------------------
     0 | D:1      | themarg the Merfolk Summoner began the quest for the Orb.
     0 | D:1      | Reached XP level 1. HP: 13/13 MP: 3/3
   238 | D:1      | Reached XP level 2. HP: 13/19 MP: 1/5
   509 | D:1      | Reached XP level 3. HP: 23/24 MP: 3/6
   512 | D:1      | Learned a level 2 spell: Call Imp
   516 | D:1      | Learned a level 3 spell: Call Canine Familiar
   661 | D:1      | Reached skill level 5 in Summonings
   992 | D:2      | Found Pikkulixt's Book Shop.
  1121 | D:2      | Found Xekk's Jewellery Boutique.
  1187 | D:2      | Found Caow's Weapon Boutique.
  1431 | D:1      | Reached XP level 4. HP: 17/30 MP: 1/7
  1697 | D:2      | Found Zayfakhy's Antique Weapon Emporium.
  1967 | D:2      | Reached skill level 6 in Summonings
  2118 | D:2      | Found Puemubaf's Assorted Antiques.
  2568 | D:3      | Reached XP level 5. HP: 35/35 MP: 4/8
  2839 | D:3      | Found a sparkling altar of Nemelex Xobeh.
  3089 | D:4      | Found a runed translucent gate.
  3093 | D:4      | Found a runed translucent gate.
  3093 | D:4      | Found a runed translucent gate.
  3094 | D:4      | Noticed sillyenderman's ghost (weakling OpHW)
  3094 | D:4      | Noticed a kobold brigand
  3243 | D:4      | Slain by an iguana

Illustrated notes

Levels and vault maps discovered:
D:1:      dpeg_arrival_arbitrary_b, layout_rooms, minmay_misc_feat_doors
D:2:      layout_basic, serial_shops, nicolae_shop_just_a_little_nook, shop,
          nicolae_square_shop, nicolae_shop_window_shopping,
          nicolae_shop_hallway_plus
D:3:      layout_loops_cross, mainiacjoe_overflow_alcove_1,
          kennysheep_cross_bottleneck, minmay_between
D:4:      layout_cave_pools, nicolae_qazlal_eye_of_the_storm,
          gammafunk_ghost_nasty_kobolds, feat_on_display, uniq_menkaure

Skill      XL: |  1  2  3  4 |
---------------+-------------+-----
Summonings     | 5 6 |  6.5
Dodging        | |  2.6
Stealth        | |  2.1
Spellcasting   | |  2.0

Action                     |  1- 3 |  4- 6 || total
---------------------------+-------+-------++-------
  Melee: Unarmed           |    13 |       ||    13
         Dagger            |    56 |     3 ||    59
         Spear             |       |    45 ||    45
   Cast: Summon Small Mamm |    47 |     9 ||    56
         Call Imp          |     6 |    10 ||    16
         Call Canine Famil |     3 |    17 ||    20
    Use: Potion            |       |     2 ||     2
         Scroll            |       |     1 ||     1
   Stab: Distracted        |     2 |     2 ||     4
 Armour: Robe              |    17 |    13 ||    30
         Skin              |       |     9 ||     9
  Dodge: Dodged            |    55 |    44 ||    99

Table legend: (Time is in decaauts)
 A = Elapsed time spent in this place.
 B = Non-inter-level travel time spent in this place.
 C = Inter-level travel time spent in this place.
 D = Time resting spent in this place.
 E = Time spent auto-exploring this place.
 F = Levels seen in this place.
 G = Mean time per level.
                   A        B        C        D        E       F      G
               +--------+--------+--------+--------+--------+-----+--------+
         Total |   3243 |   3176 |     67 |    234 |   2286 |   4 |  810.8 |
       Dungeon |   3243 |   3176 |     67 |    234 |   2286 |   4 |  810.8 |
               +--------+--------+--------+--------+--------+-----+--------+

Top non-repeatable levels by time:
     D:2: 1094 daAuts
     D:1: 1044 daAuts
     D:3: 890 daAuts
     D:4: 214 daAuts
